cohdb
Replays
Latest Replays
All Replays
Popular Replays
Top Player Replays
Match Explorer
How It Works
Community
CoH3 Stats
Reddit
Sign in to upload your games and track your stats! →
Sign in with Steam
Match 42558353
Unlisted
Match 42558353
Overview
Messages
Build Orders
End
Construct Weapon Support Center
Scout Squad
Selects Special Operations Battlegroup
Selects M29 Weasel Recon Vehicle
Selects M29 Weasel Recon Vehicle
M29 Weasel Recon Vehicle
M1919 Machine Gun Team
Construct Medical Station
Selects Raiding Flares
Air Support Center
Bazooka Squad
Improved M9 Bazooka Rockets
Bazooka Squad
Grasshopper Recon Run
Sniper
Construct Motor Pool
P-47 Strafing Run
M8 Greyhound Armored Car
Grasshopper Recon Run
Raiding Flares
P-47 Dive Bomb
Engineer Squad
Scout Squad
M1919 Machine Gun Team
M24 Chaffee Light Tank
Selects P-47 Anti-Infantry Loiter
P-47 Anti-Infantry Loiter
Construct Barracks
Bazooka Squad
M1 Mortar Team
M1 Mortar Team
M8 Greyhound Armored Car
P-47 Anti-Infantry Loiter
Bazooka Squad
Selects M4A1 Sherman Whizbang
M4A1 Sherman Whizbang
Bazooka Squad
P-47 Anti-Infantry Loiter
M4A1 Sherman Whizbang
P-47 Strafing Run
Selects SSF Commando Squad
SSF Commando Squad
Bazooka Squad
M4A1 Sherman Whizbang
BBzRare
reactx78
= CLM = general_juin
Papa Shango
Husar
幻想r
0
0
Comments
sign in to comment!
No comments posted yet!